 Dungeon Crawl Stone Soup version 0.16.1-18-g436b03c (webtiles) character file.

3297 CcS the Cleaver (level 10, 0/70 HPs)
             Began as a Formicid Fighter on May 14, 2015.
             Was a Priest of Cheibriados.
             Slain by a polar bear (2 damage)
             ... on level 8 of the Dungeon.
             The game lasted 00:13:23 (8054 turns).

CcS the Cleaver (Formicid Fighter)                  Turns: 8054, Time: 00:13:23

Health: 0/70       AC: 11    Str: 27    XL:     10   Next: 20%
Magic:  13/13      EV: 10    Int: 15    God:    Cheibriados [***...]
Gold:   229        SH: 13    Dex: 18    Spells: 0 memorised, 9 levels left

rFire  . . .     SeeInvis +     a - +0 war axe
rCold  + . .     Clarity  .     b - +0 scale mail
rNeg   . . .     SustAb   .     c - +0 shield
rPois  .         Gourm    .     (helmet unavailable)
rElec  .         Spirit   .     F - +0 cloak
rCorr  .         Warding  .     k - +0 pair of gloves
rMut   .         Stasis   +     B - +0 pair of boots
MR     ++...                    (no amulet)
Stlth  ..........               l - ring of protection from magic
                                i - ring of protection from cold

@: very slow, very resistant to hostile enchantments, extremely unstealthy
A: permanent stasis, dig shafts and tunnels, four strong arms, antennae 3
a: Dig, Shaft Self, Bend Time, Temporal Distortion, Renounce Religion


You were on level 8 of the Dungeon.
You worshipped Cheibriados.
Cheibriados was most pleased with you.
You were not hungry.

You visited 3 branches of the dungeon, and saw 10 of its levels.

You collected 311 gold pieces.
You spent 82 gold pieces at shops.

Inventory:

Hand weapons
 a - a +0 war axe (weapon)
Armour
 b - a +0 scale mail (worn)
 c - a +0 shield (worn)
 e - a +0 chain mail
 k - a +0 pair of gloves (worn)
 r - a +2 helmet
 B - a +0 pair of boots (worn)
 F - a +0 cloak (worn)
Jewellery
 i - a ring of protection from cold (left hand)
 l - a ring of protection from magic (right hand)
 z - an uncursed ring of fire
 G - an uncursed ring of ice {unknown}
 H - a +3 ring of evasion {unknown}
Scrolls
 f - 3 scrolls of teleportation {unknown}
 g - 8 scrolls of remove curse {unknown}
 j - 8 scrolls of identify
 n - 2 scrolls of enchant armour {unknown}
 o - 2 scrolls of fear {unknown}
 s - 2 scrolls of random uselessness {unknown}
 t - 3 scrolls of amnesia {unknown}
 y - a scroll of blinking {unknown}
 D - a scroll of recharging {unknown}
 E - a scroll of enchant weapon {unknown}
 K - a scroll of magic mapping {unknown}
Potions
 h - a potion of flight
 p - a potion of lignification {unknown}
 q - a potion of cancellation {unknown}
 u - a potion of mutation {unknown}
 v - a potion of brilliance {unknown}
 w - 2 potions of heal wounds {unknown}
 A - 2 potions of agility {unknown}
 C - 2 potions of resistance {unknown}
 J - a potion of cure mutation {unknown}
Comestibles
 d - 4 bread rations
 x - a beef jerky
 I - 4 fruits


   Skills:
 - Level 3.2 Fighting
 + Level 10.9 Axes
 + Level 6.0 Armour
 - Level 9.3 Shields


You had 9 spell levels left.
You didn't know any spells.

Dungeon Overview and Level Annotations

Branches:
Dungeon (8/15)             Temple (1/1) D:6            Lair (1/8) D:8

Altars:
Ashenzari
Cheibriados
Dithmenos
Elyvilon
Fedhas
Gozag
Kikubaaqudgha
Makhleb
Nemelex Xobeh
Okawaru
Qazlal
Ru
Sif Muna
Trog
Vehumet
Xom
Yredelemnul
Zin
The Shining One

Shops:
D:4 *=?}[


Innate Abilities, Weirdness & Mutations

You are under a permanent stasis effect.
You can dig through walls and to a lower floor.
Your four strong arms can wield two-handed weapons with a shield.
You have a pair of large antennae on your head (SInv).


Message History

The polar bear is almost dead.
The polar bear bites you!
* * * LOW HITPOINT WARNING * * *
You block the polar bear's attack.
The polar bear claws you but does no damage.
The polar bear closely misses you. The polar bear claws you.
* * * LOW HITPOINT WARNING * * *
The polar bear barely misses you.
You hit the polar bear.
The polar bear is almost dead.
The polar bear bites you but does no damage.
You block the polar bear's attack. The polar bear claws you.
* * * LOW HITPOINT WARNING * * *
You hit the polar bear.
You kill the polar bear!
Cheibriados thoroughly appreciates the change of pace.
You can now warp the flow of time around you.
Your Armour skill increases to level 6!
The polar bear barely misses you. The polar bear claws you.
You die...

≈≈≈≈..####..# ≈≈≈≈....<...## #
≈≈≈.≈.....#..###.###
.≈≈≈.#............. .......
#...#...##.##. .≈.####.#.#.#
#.###.#.# ..≈.#......#.###.#
#.#.##.#
≈..≈........#.....###(#......
≈..O............@.............
≈≈.≈........#..##h######.#.##
≈≈≈≈....h..##.>#.## ..
≈≈?≈.......##.#)## .#
≈.≈≈;..(.....h#####. .
.............h........
.?....$....#.........
..............#####.#
....?......#..#


You could see a polar bear.

Vanquished Creatures
  2 polar bears (D:8)
  A deep elf mage (D:5)
  The ghost of ghwc the Ducker, an average MfWz (D:4)
  A water moccasin (D:6)
  An orc warrior (D:6)
  An ice beast (Lair:1)
  A porcupine (Lair:1)
  A centaur (D:6)
  3 phantoms
  An ogre (D:5)
  A sky beast (D:6)
  3 eyes of draining (D:4)
  5 giant frogs
  A jelly (D:6)
  3 scorpions
  3 crimson imps
  A goliath beetle (D:6)
  2 giant frog skeletons
  A gnoll shaman (D:5)
  An orc priest (D:6)
  4 hounds
  An iguana (D:5)
  4 worker ants
  4 orc wizards
  7 adders
  A hound simulacrum (D:8)
  11 gnolls
  4 worms
  A giant mite (D:1)
  An adder zombie (D:5)
  An adder simulacrum (D:8)
  11 giant geckos
  2 oozes
  12 orcs
  4 ball pythons
  3 bat skeletons
  9 giant cockroaches
  17 goblins
  11 hobgoblins
  9 jackals
  7 quokkas
  13 bats
  A giant gecko skeleton (D:4)
  6 giant newts
  A jackal zombie (D:7)
  14 kobolds
  2 quokka skeletons
  9 rats
204 creatures vanquished.

Notes
Turn   | Place    | Note
--------------------------------------------------------------
     0 | D:1      | CcS, the Formicid Fighter, began the quest for the Orb.
     0 | D:1      | Reached XP level 1. HP: 18/18 MP: 1/1
   123 | D:1      | Reached skill level 4 in Shields
   156 | D:1      | Reached XP level 2. HP: 14/24 MP: 3/3
   548 | D:1      | Reached XP level 3. HP: 29/29 MP: 4/4
  1064 | D:2      | Reached XP level 4. HP: 30/35 MP: 5/5
  1076 | D:2      | Reached skill level 5 in Shields
  1193 | D:2      | Found a shadowy altar of Dithmenos.
  1197 | D:2      | Found an opulent altar of Gozag.
  1692 | D:3      | Found a glowing silver altar of Zin.
  1700 | D:3      | Reached XP level 5. HP: 36/41 MP: 7/7
  2300 | D:4      | Found Kiguxath's Armour Shoppe.
  2342 | D:4      | Bought a +0 pair of boots for 58 gold pieces
  2355 | D:4      | Noticed a phantom
  2392 | D:4      | Killed a phantom
  2392 | D:4      | Reached skill level 5 in Axes
  2392 | D:4      | Reached XP level 6. HP: 22/47 MP: 8/8
  2556 | D:4      | Found a burning altar of Makhleb.
  2764 | D:4      | Found Grur's Gadget Shop.
  2798 | D:4      | Found Rokhlops' Magic Scroll Emporium.
  2805 | D:4      | Bought a scroll of identify for 24 gold pieces
  2884 | D:4      | Reached skill level 6 in Axes
  2884 | D:4      | Reached XP level 7. HP: 43/52 MP: 9/9
  3125 | D:4      | Noticed an eye of draining
  3125 | D:4      | Noticed ghwc's ghost (average MfWz)
  3125 | D:4      | Found a bloodstained altar of Trog.
  3125 | D:4      | Noticed an eye of draining
  3126 | D:4      | Noticed an eye of draining
  3134 | D:4      | Killed ghwc's ghost
  3141 | D:4      | Killed an eye of draining
  3145 | D:4      | Killed an eye of draining
  3150 | D:4      | Killed an eye of draining
  3150 | D:4      | Reached skill level 7 in Axes
  3150 | D:4      | Reached XP level 8. HP: 50/58 MP: 0/11
  3267 | D:4      | Found Nonaf's Jewellery Emporium.
  3290 | D:4      | Found Thribbiy's General Store.
  3429 | D:5      | Entered Level 5 of the Dungeon
  3696 | D:5      | Found a stormy altar of Qazlal.
  3700 | D:5      | Noticed an air elemental
  3767 | D:5      | Noticed a deep elf mage
  3785 | D:5      | Killed a deep elf mage
  4138 | D:5      | Reached skill level 8 in Shields
  4300 | D:5      | Found a radiant altar of Vehumet.
  4693 | D:6      | Found a staircase to the Ecumenical Temple.
  4707 | Temple   | Entered the Ecumenical Temple
  4870 | Temple   | Became a worshipper of Cheibriados the Contemplative
  4966 | D:6      | Reached XP level 9. HP: 16/64 MP: 12/12
  5320 | D:6      | Reached skill level 9 in Shields
  6115 | D:6      | Acquired Cheibriados' first power
  6662 | D:7      | Reached skill level 10 in Axes
  6937 | D:7      | Found a deep blue altar of Sif Muna.
  7555 | D:8      | Found a staircase to the Lair.
  7751 | D:8      | Noticed a polar bear
  7753 | D:8      | Noticed a polar bear
  7756 | D:8      | Noticed a polar bear
  7762 | Lair:1   | Entered Level 1 of the Lair of Beasts
  7770 | Lair:1   | Reached XP level 10. HP: 15/70 MP: 13/13
  7775 | Lair:1   | Reached skill level 5 in Armour
  8038 | D:8      | Killed a polar bear
  8050 | D:8      | HP: 3/70 [polar bear (5)]
  8051 | D:8      | HP: 1/70 [polar bear (2)]
  8052 | D:8      | Killed a polar bear
  8052 | D:8      | Acquired Cheibriados' second power
  8054 | D:8      | Slain by a polar bear

Action                   |  1- 3 |  4- 6 |  7- 9 | 10-12 || total
-------------------------+-------+-------+-------+-------++-------
Melee: War axe           |    95 |   203 |   455 |    35 ||   788
 Abil: Dig               |       |       |     3 |       ||     3
  Use: Potion            |       |       |     7 |     1 ||     8
  Eat: Chunk             |     1 |     6 |    15 |       ||    22
